 Dungeon Crawl Stone Soup version 0.29-a0-613-gf2c431b9b9 (webtiles) character file.

Game seed: 7455658315346552153

319 Hubjo the Insei (level 6, -2/46 HPs)
             Began as a Demonspawn Transmuter on June 16, 2022.
             Was a High Priest of Ignis.
             Slain by a hobgoblin (6 damage)
             ... led by Robin
             ... on level 4 of the Dungeon.
             The game lasted 00:06:11 (3982 turns).

Hubjo the Insei (Demonspawn Transmuter)             Turns: 3982, Time: 00:06:13

Health: -2/46      AC:  2    Str: 10    XL:     6   Next: 21%
Magic:  7/10       EV: 12    Int: 16    God:    Ignis [*****.]
Gold:   1206       SH:  5    Dex: 14    Spells: 6/11 levels left

rFire   + . .      SeeInvis .     - Unarmed
rCold   . . .      Faith    .   (no shield)
rNeg    . . .      Spirit   .   a - +0 robe
rPois   .          Reflect  +   (helmet currently unavailable)
rElec   +          Harm     .   (no cloak)
rCorr   .          Rampage  .   (no gloves)
Will    +....                   (boots currently unavailable)
Stlth   ++........              g - amulet of Keczaecs {Reflect rElec SH+5}
HPRegen 0.15/turn               h - ring of willpower
MPRegen 0.12/turn               (no ring)

@: appendages
A: talons 2, antennae 1, ignite blood 1, powered by pain 1
a: End Transformation, Renounce Religion, Fiery Armour, Foxfire Swarm, Rising
Flame


You were on level 4 of the Dungeon.
You worshipped Ignis.
Ignis was extremely pleased with you.
You had temporarily grown beastly talons.
You visited 1 branch of the dungeon, and saw 4 of its levels.

You collected 1206 gold pieces.

Inventory:

Hand Weapons
 o - the +9 flail "Poesu" {venom, rF+}
   (You found it on level 3 of the Dungeon)

   It poisons the flesh of those it strikes.
   rF:        It protects you from fire.
Armour
 a - a +0 robe (worn)
 u - an orb of guile
Jewellery
 g - the amulet of Keczaecs (around neck) {Reflect rElec SH+5}
   (You found it on level 1 of the Dungeon)

   [amulet of reflection]

   It reflects blocked missile attacks.
   rElec:     It insulates you from electricity.
   SH:        It affects your SH (+5).
 h - a ring of willpower (left hand)
 i - an amulet of regeneration
Wands
 q - a wand of acid (6)
Scrolls
 f - a scroll of fear {unknown}
 j - 2 scrolls of vulnerability {unknown}
 k - a scroll of identify
Potions
 b - a potion of lignification
 c - a potion of curing
 n - a potion of brilliance {unknown}
 r - 2 potions of mutation {unknown}


   Skills:
 + Level 2.7 Fighting
 - Level 1.7 Dodging
 + Level 2.2 Stealth
 + Level 3.5 Unarmed Combat
 + Level 3.0 Spellcasting
 * Level 3.4 Transmutations
 + Level 0.8 Ice Magic


You had 6 spell levels left.
You knew the following spells:

 Your Spells              Type           Power      Damage    Failure   Level
a - Beastly Appendage     Tmut           26%        N/A       4%          1
b - Ice Form              Ice/Tmut       9%         N/A       58%         4

Your spell library contained the following spells:

 Spells                   Type           Power      Damage    Failure   Level
 Wereblood                Tmut           13%        N/A       7%          2
 Spider Form              Tmut/Pois      8%         N/A       26%         3


Dungeon Overview and Level Annotations

Branches:
Dungeon (4/15)
 Temple: D:4-7

Altars:
Ignis

Annotations:
D:4 Robin


Innate Abilities, Weirdness & Mutations

You have temporarily grown beastly talons.
You have a pair of small antennae on your head.
Your demonic aura sometimes causes spilled blood to erupt in flames.
You sometimes gain a little power by taking damage.


Message History

p - a scroll of torment The hobgoblin barely misses you.
A hobgoblin comes into view.
The goblin hits you with a +0 club.
The hobgoblin hits you but does no damage.
The goblin shoots a sling bullet.
The sling bullet closely misses you.
As you read the scroll of torment, it crumbles to dust.
Your body is wracked with pain!
* * * LOW HITPOINT WARNING * * *
The goblin convulses!
The hobgoblin convulses!
The goblin convulses!
The hobgoblin convulses!
Robin convulses!
The hobgoblin convulses!
The goblin convulses!
The hobgoblin convulses!
You block the hobgoblin's attack. The goblin hits you with a +0 dagger.
* * * LOW HITPOINT WARNING * * *
The goblin closely misses you. The hobgoblin barely misses you.
The goblin shoots a sling bullet.
The sling bullet closely misses you.
You feel better.
The hobgoblin no longer looks unusually strong.
The goblin no longer looks unusually strong.
The hobgoblin hits you.
* * * LOW HITPOINT WARNING * * *
The goblin barely misses you. You block the goblin's attack.
You block the hobgoblin's attack.
As you read the scroll labelled ONAQITWO DYCE, it crumbles to dust.
It is a scroll of amnesia.
Okay, then.
The hobgoblin no longer looks unusually strong. x2
The hobgoblin hits you.
* * * LOW HITPOINT WARNING * * *
A hobgoblin comes into view.
Robin roars a battlecry!
The goblins go into a battle-frenzy!
You block the goblin's attack. x2
As you read the scroll labelled GORHO YNEBEARGH, it crumbles to dust.
The scroll dissolves into smoke.
It was a scroll of fog.
The goblin no longer looks unusually strong.
The hobgoblin hits you.
* * * LOW HITPOINT WARNING * * *
The hobgoblin hits you.
You die...

.. .. #g#####
.#...####
#.......####
#.g........###
#..g.........#
#.gggg.......##
#..g@g........#
#..g§§........#
##............#
#...........########
#...................
##..................
#......###..##.####
#.#..#####.....))).
#..........########


You could see Robin, 5 hobgoblins and 4 goblins.

Vanquished Creatures
  A phantom (D:4)
  A gnoll shaman (D:4)
  Crazy Yiuf (D:2)
  An orc wizard (D:3)
  4 adders
  3 gnolls (D:4)
  2 worms (D:2)
  4 dart slugs
  2 orcs (D:3)
  3 bats
  4 endoplasms
  5 giant cockroaches
  10 hobgoblins
  5 jackals
  5 kobolds
  9 ball pythons
  6 frilled lizards
  9 goblins
  7 rats
82 creatures vanquished.

Notes
Turn   | Place    | Note
-------+----------+-------------------------------------------
     0 | D:1      | Hubjo the Demonspawn Transmuter began the quest for the
                  | Orb.
     0 | D:1      | Reached XP level 1. HP: 15/15 MP: 3/3
   315 | D:1      | Gained mutation: You sometimes gain a little power by
                  | taking damage. [demonic ancestry]
   315 | D:1      | Reached XP level 2. HP: 21/21 MP: 3/5
   797 | D:1      | Identified the amulet of Keczaecs {Reflect rElec SH+5}
   876 | D:1      | Found a faded altar of an unknown god.
   886 | D:1      | Prayed at the altar of an unknown god.
   886 | D:1      | Became a worshipper of Ignis, the Dying Flame
  1203 | D:2      | Reached XP level 3. HP: 27/27 MP: 4/6
  1528 | D:2      | Reached skill level 1 in Stealth
  1999 | D:2      | Reached XP level 4. HP: 28/33 MP: 5/7
  2143 | D:2      | Found a runed translucent door.
  2144 | D:2      | Noticed Crazy Yiuf
  2155 | D:2      | Killed Crazy Yiuf
  2631 | D:3      | Identified the +9 flail "Poesu" {venom, rF+}
  2719 | D:3      | Gained mutation: Your demonic aura sometimes causes spilled
                  | blood to erupt in flames. [demonic ancestry]
  2719 | D:3      | Reached XP level 5. HP: 24/39 MP: 6/8
  3148 | D:3      | Learned a level 4 spell: Ice Form
  3753 | D:4      | Noticed a phantom
  3758 | D:4      | Identified a scroll of acquirement
  3758 | D:4      | Acquired 1014 gold pieces
  3789 | D:4      | Killed a phantom
  3790 | D:4      | Lost mutation: You have a pair of horns on your head.
                  | [demonic ancestry]
  3790 | D:4      | Lost mutation: You have a pair of small horns on your head.
                  | [demonic ancestry]
  3790 | D:4      | Gained mutation: You have a pair of small antennae on your
                  | head. [demonic ancestry]
  3790 | D:4      | Reached XP level 6. HP: 23/46 MP: 8/10
  3967 | D:4      | Noticed Robin
  3982 | D:4      | Slain by a hobgoblin

Illustrated notes

Levels and vault maps discovered:
D:1:      dpeg_arrival_simpleton_b, layout_basic, basic_ecumenical_altar,
          minivault_5, minmay_misc_feat_nine_boxes, minmay_tetromino_s2
D:2:      layout_basic, fountainhead, uniq_crazy_yiuf_cottage
D:3:      layout_loops_cross, minmay_checkerbox
D:4:      layout_cave_pods, minmay_large_rounded_square, uniq_robin

Skill      XL: |  1  2  3  4  5 |
---------------+----------------+-----
Transmutations | 2 3 |  3.4
Unarmed Combat | 3 |  3.5
Stealth        | 1 2 |  2.2
Fighting       | 2 |  2.7
Spellcasting   | 3 |  3.0
Dodging        | |  1.7
Ice Magic      | |  0.8

Action                   |  1- 3 |  4- 6 || total
-------------------------+-------+-------++-------
Melee: Unarmed           |   110 |   110 ||   220
       Kick              |    19 |    30 ||    49
       Headbutt          |    15 |    15 ||    30
       Punch             |     3 |     4 ||     7
 Cast: Beastly Appendage |    32 |    31 ||    63
  Use: Potion            |       |     5 ||     5
       Scroll            |       |     6 ||     6
 Stab: Sleeping          |     1 |     3 ||     4
Armor: Robe              |    23 |    17 ||    40
Dodge: Dodged            |    66 |    73 ||   139
Block: Other             |    11 |    43 ||    54
       Reflection        |       |     1 ||     1

Table legend: (Time is in decaauts)
 A = Elapsed time spent in this place.
 B = Non-inter-level travel time spent in this place.
 C = Inter-level travel time spent in this place.
 D = Time resting spent in this place.
 E = Time spent auto-exploring this place.
 F = Levels seen in this place.
 G = Mean time per level.
                   A        B        C        D        E       F      G
               +--------+--------+--------+--------+--------+-----+--------+
         Total |   3971 |   3904 |     67 |      0 |   3283 |   4 |  992.8 |
       Dungeon |   3971 |   3904 |     67 |      0 |   3283 |   4 |  992.8 |
               +--------+--------+--------+--------+--------+-----+--------+

Top non-repeatable levels by time:
     D:3: 1268 daAuts
     D:2: 1201 daAuts
     D:1: 1154 daAuts
     D:4: 347 daAuts
